 Dungeon Crawl Stone Soup version 0.16.0-11-gd45b091 (webtiles) character file.

496 maniek23 the Ducker (level 6, -2/46 HPs)
             Began as a Vampire Skald on Mar 17, 2015.
             Was an Initiate of Yredelemnul.
             Killed from afar by an orc wizard (9 damage)
             ... with a magic dart
             ... on level 5 of the Dungeon.
             The game lasted 00:27:24 (6661 turns).

maniek23 the Ducker (Vampire Skald)                 Turns: 6661, Time: 00:27:25

Health: -2/46      AC:  0    Str:  5    XL:     6   Next: 93%
Magic:  7/11       EV: 23    Int: 14    God:    Yredelemnul [......]
Gold:   67         SH:  0    Dex: 19    Spells: 3 memorised, 4 levels left

rFire  . . .     SeeInvis +     a - melded +2 short sword (elec)
rCold  + . .     Clarity  .     E - melded +1 leather armour {rPois}
rNeg   + + .     SustAb   .     (shield currently unavailable)
rPois  +         Gourm    .     j - melded +0 hat
rElec  .         Spirit   .     (cloak currently unavailable)
rCorr  .         Warding  .     (gloves currently unavailable)
rMut   .         Stasis   .     (boots currently unavailable)
MR     .....                    (no amulet)
Stlth  ++........               (ring currently unavailable)
                                v - melded ring of protection from fire

@: bat-form, flying, very slightly contaminated, regenerating slowly, very
quick, not resistant to hostile enchantments, unstealthy
A: bottle blood, (fangs 0), see invisible, weak 1, (unbreathing), MP-powered
wands 1
a: End Transformation, Renounce Religion


You were on level 5 of the Dungeon.
You worshipped Yredelemnul.
Yredelemnul was noncommittal.
You were thirsty.
You were in vampire-bat-form.
You visited 1 branch of the dungeon, and saw 5 of its levels.

You collected 210 gold pieces.
You spent 143 gold pieces at shops.

Inventory:

Hand weapons
 a - a +2 short sword of electrocution (melded)
 k - a +0 dagger
 s - a +0 blowgun
 C - a +1 dagger of distortion
 D - a +0 short sword
Missiles
 u - 27 poisoned needles (quivered)
 G - 2 tomahawks
Armour
 b - a +0 leather armour
 g - a +0 ring mail
 j - a +0 hat (melded)
 p - a +0 chain mail
 E - a +1 leather armour of poison resistance (melded)
Jewellery
 v - a ring of protection from fire (melded)
Magical devices
 H - a wand of digging (0)
Scrolls
 e - a scroll of fear {unknown}
 h - a scroll of enchant weapon
 m - 2 scrolls of blinking {unknown}
 o - a scroll of noise {unknown}
 r - a scroll of teleportation
 y - 2 scrolls of magic mapping {unknown}
 z - a scroll of identify
 A - 2 scrolls of amnesia {unknown}
 F - a scroll of immolation {unknown}
Potions
 d - 10 potions of blood
 f - 3 potions of brilliance
 i - a potion of heal wounds {unknown}
 l - 2 potions of flight {unknown}
 n - a potion of magic {unknown}
 q - a potion of restore abilities {unknown}
 t - a potion of resistance {unknown}
 w - a potion of haste {unknown}
 x - 3 potions of curing {unknown}
 B - a potion of might {unknown}
 I - a potion of mutation {unknown}
Books
 c - a book of Battle

   Spells                             Type                      Level
   a - Infusion                       Charms                       1
   b - Shroud of Golubria             Charms/Translocation         2
   c - Song of Slaying                Charms                       2
   d - Spectral Weapon                Hexes/Charms                 3
   e - Regeneration                   Charms/Necromancy            3


   Skills:
 + Level 2.5 Fighting
 + Level 3.4 Short Blades
 + Level 3.0 Armour
 + Level 4.1 Dodging
 + Level 1.6 Stealth
 + Level 2.7 Spellcasting
 + Level 0.8 Hexes
 + Level 4.1 Charms


You had 4 spell levels left.
You knew the following spells:

 Your Spells              Type           Power        Failure   Level  Hunger
a - Infusion              Chrm           ##....       14%         1    #......
b - Shroud of Golubria    Chrm/Tloc      #.........   36%         2    ###....
c - Spectral Weapon       Hex/Chrm       #.......     45%         3    ###....


Dungeon Overview and Level Annotations

Branches:
Dungeon (5/15)
 Temple: D:4-7

Altars:
Ru
Trog
Yredelemnul

Shops:
D:4 [


Innate Abilities, Weirdness & Mutations

You heal slowly.
You can bottle blood from corpses.
((You have razor-sharp teeth.))
You have supernaturally acute eyesight.
((You can survive without breathing.))
You are weak. (Str -2)
You expend magic power (3 MP) to slightly strengthen your wands.


Message History

The orc priest calls down the wrath of Beogh upon you.
Something smites you!
Use which ability? (? or * to list)
You turn into a vampire bat.
Your +2 short sword of electrocution melds into your body.
Your +0 hat melds into your body.
Your +1 leather armour of poison resistance melds into your body.
Your ring of protection from fire melds into your body.
Your +2 short sword of electrocution stops crackling.
Things that are here:
a dagger; 2 stones; a kobold corpse The orc wizard casts a spell at you.
The puff of frost hits you! You resist.
The orc wizard gestures at you while chanting.
The magic dart hits you!
* * * LOW HITPOINT WARNING * * *
The orc wizard casts a spell at you. The magic dart hits you!
You die...
Yredelemnul claims you as an undead slave.

#...## ###.#..#
#......#####
#.####o....# #.
###.....# #####.
#...##..#
#.....##....#..#.#
#........._......#
....##.b#.(..##.##
.....##..##...#
....##....(###
#....#....(####.#
#....#####......#
#...........#####
##########...........#
......[..............#
##########...........#


You could see an orc wizard (invisible).

Vanquished Creatures
  A phantom (D:4)
  2 orc priests (D:4)
  Natasha (thrice) (D:4)
  3 orc wizards
  A worker ant (D:4)
  A hound skeleton (D:4)
  8 adders
  2 gnolls (D:1)
  A worm (D:3)
  A giant mite (D:2)
  2 giant geckos
  An ooze (D:1)
  10 orcs
  A bat skeleton (D:4)
  4 giant cockroaches
  5 hobgoblins
  11 jackals
  10 bats
  8 giant newts
  8 goblins
  9 kobolds
  8 rats
  A spectral orc (D:4)
101 creatures vanquished.

Vanquished Creatures (others)
  5 toadstools (D:1)
5 creatures vanquished.

Grand Total: 106 creatures vanquished

Notes
Turn   | Place    | Note
--------------------------------------------------------------
     0 | D:1      | maniek23, the Vampire Skald, began the quest for the Orb.
     0 | D:1      | Reached XP level 1. HP: 16/16 MP: 3/3
   212 | D:1      | Reached XP level 2. HP: 19/22 MP: 4/4
   379 | D:1      | Reached XP level 3. HP: 22/27 MP: 6/6
   720 | D:1      | Reached skill level 1 in Armour
   873 | D:2      | Reached skill level 4 in Charms
   880 | D:2      | Reached XP level 4. HP: 19/33 MP: 8/8
   897 | D:2      | Learned a level 2 spell: Shroud of Golubria
  1080 | D:2      | Found a bloodstained altar of Trog.
  2607 | D:3      | Reached XP level 5. HP: 38/38 MP: 9/9
  4239 | D:4      | Found Cacihou's Armour Boutique.
  4251 | D:4      | Bought a +1 leather armour of poison resistance for 143 gold pieces
  4258 | D:4      | Gained mutation: You expend magic power (3 MP) to slightly strengthen your wands. [mutagenic glow]
  4314 | D:4      | Gained mutation: You are weak. (Str -2) [mutagenic glow]
  4590 | D:4      | Learned a level 3 spell: Spectral Weapon
  4644 | D:4      | Found a basalt altar of Yredelemnul.
  4654 | D:4      | Became a worshipper of Yredelemnul the Dark
  4721 | D:4      | Noticed a phantom
  4811 | D:4      | Reached skill level 1 in Stealth
  4833 | D:4      | Noticed Natasha
  4937 | D:4      | Reached XP level 6. HP: 38/46 MP: 11/11
  5182 | D:4      | Killed Natasha
  5800 | D:4      | Killed a phantom
  5874 | D:4      | Noticed Natasha
  5880 | D:4      | Killed Natasha
  6156 | D:4      | Noticed Natasha
  6179 | D:4      | Killed Natasha
  6422 | D:5      | Entered Level 5 of the Dungeon
  6611 | D:5      | Found a sacrificial altar of Ru.
  6661 | D:5      | Killed from afar by an orc wizard

Action                   |  1- 3 |  4- 6 || total
-------------------------+-------+-------++-------
Melee: Short sword       |    84 |   218 ||   302
       Dagger            |       |     8 ||     8
       Unarmed           |       |     2 ||     2
 Fire: Blowgun           |       |     3 ||     3
 Cast: Shroud of Golubri |       |     2 ||     2
       Spectral Weapon   |       |     3 ||     3
 Abil: Bat Form          |       |     3 ||     3
       End Transformatio |       |     2 ||     2
  Use: Potion            |       |    11 ||    11
       Scroll            |       |     3 ||     3
  Eat: Corpse            |       |     1 ||     1
